 Dungeon Crawl Stone Soup version 0.31-a0-931-g7b59d4eb97 (webtiles) character file.

Game seed: 15040495297557072740

10149 Xavori the Carver (level 11, -2/79 HPs)
             Began as a Djinni Chaos Knight on Oct 19, 2023.
             Was a Plaything of Xom.
             Slain by a death yak (8 damage)
             ... on level 11 of the Dungeon on Oct 20, 2023.
             The game lasted 00:19:38 (17497 turns).

Xavori the Carver (Djinni Chaos Knight)            Turns: 17497, Time: 00:19:38

Health: -2/79      AC: 15    Str: 15    XL:     11   Next: 87%
Gold:   1704       EV:  7    Int: 11    God:    Xom [.....*] SH: 13 Dex: 16

rFire   + + .        F - +5 long sword (chaos)
rCold   . . .        y - +0 buckler
rNeg    . . .        u - +3 ring mail {rC+}
rPois   ∞            C - +2 helmet
rElec   +            M - +0 cloak
rCorr   +            h - +1 pair of gloves
SInv    .            (boots unavailable)
Will    +++++        w - amulet of reflection
Stlth   +            z - ring of resist corrosion
HPRegen 0.33/turn    (no ring)
MPRegen 0.00/turn

%: reflection, infuse magic (-3 HP)
@: mighty, petrifying, enlightened, flying, very slow
A: sickness immunity, fire resistance 2, cold vulnerability 1, float, innate
caster, HP casting, extra vitality 1, large bone plates 1, deformed body, dopey
1, strong-willed 3, shaggy fur 1, electricity resistance, strong 1, MP-powered
wands
a: Renounce Religion


You were on level 11 of the Dungeon.
You worshipped Xom.
You were Xom's teddy bear.
You visited 1 branch of the dungeon, and saw 11 of its levels.
You also visited: Sewer.

You collected 1858 gold pieces.
You spent 154 gold pieces at shops.

Inventory:

Hand Weapons
 a - a +0 falchion of chaos
 F - a +5 long sword of chaos (weapon)
Missiles
 g - a curare-tipped dart (quivered)
 H - a throwing net
Armour
 b - a +2 leather armour
 f - a +1 hat
 h - a +1 pair of gloves (worn)
 u - a +3 ring mail of cold resistance (worn)
 y - a +0 buckler (worn)
 C - a +2 helmet (worn)
 I - a +0 troll leather armour
 M - a +0 cloak (worn)
Jewellery
 w - an amulet of reflection (around neck)
 z - a ring of resist corrosion (left hand)
 N - a ring of willpower
 O - the ring of Xom's Amusement {Fire SInv}
   (Xom gifted it to you on level 11 of the Dungeon)

   [ring of fire]

   Fire:      It enhances your fire magic.
   rF+:       It protects you from fire.
   rC-:       It makes you vulnerable to cold.
   SInv:      It lets you see invisible.
Wands
 k - a wand of light (9)
 l - a wand of flame (53)
 B - a wand of mindburst (11)
Scrolls
 c - 2 scrolls of butterflies
 d - 3 scrolls of enchant armour
 m - 4 scrolls of teleportation
 n - a scroll of torment
 o - 3 scrolls of immolation
 A - a scroll of brand weapon
Potions
 e - a potion of berserk rage {unknown}
 i - 2 potions of cancellation
 j - 4 potions of curing
 p - 3 potions of might
 q - a potion of mutation {unknown}
 r - a potion of heal wounds {unknown}
 s - a potion of experience {unknown}
 t - 2 potions of enlightenment
 v - a potion of brilliance {unknown}
 x - 2 potions of attraction {unknown}
 D - 2 potions of haste {unknown}
 G - a potion of degeneration {unknown}
 J - 3 potions of lignification {unknown}


   Skills:
 + Level 7.6 Fighting
 * Level 9.3 Long Blades
 + Level 7.0 Armour
 + Level 7.9 Dodging
 * Level 6.6 Spellcasting
 * Level 6.6 Conjurations
 * Level 6.6 Hexes
   Level 0.0 Charms
 * Level 6.6 Summonings
 * Level 6.6 Necromancy
 * Level 6.6 Translocations
 * Level 6.6 Transmutations
 * Level 6.6 Fire Magic
 * Level 6.6 Ice Magic
 * Level 6.6 Air Magic
 * Level 6.6 Earth Magic
 * Level 6.6 Poison Magic
 * Level 0.4 Evocations


You knew the following spells:

 Your Spells              Type           Power      Damage    Failure   Level
a - Sting                 Tmut/Pois      72%        1d6       2%          1
b - Poisonous Vapours     Pois/Air       36%        N/A       4%          2
c - Mephitic Cloud        Conj/Pois/Air  18%        N/A       9%          3
d - Frozen Ramparts       Ice            36%        1d6       9%          3
e - Agony                 Necr           18%        N/A       61%         5
Your spell library was empty.

Dungeon Overview and Level Annotations

Branches:
Dungeon (11/15)            Temple (0/1) D:7            Lair (0/5) D:11
    Orc (0/2) D:9           Sewer (visited)

Altars:
Ashenzari
Dithmenos
Elyvilon
Okawaru
Wu Jian
Xom
Yredelemnul
Zin
The Shining One

Shops:
D:5 ?   D:10 *


Innate Abilities, Weirdness & Mutations

You are immune to sickness and miasma.
You are immune to poison.
Your flesh is very heat resistant. (rF++)
You are vulnerable to cold. (rC-)
You float through the air rather than walking.
You learn spells naturally, not from books.
Your magical power is your life essence.
You have superior vitality. (+4 MHP)
You are partially covered in large bone plates. (SH +4)
Armour fits poorly on your strangely shaped body.
You are dopey. (Int -2)
You are extremely strong-willed. (Will+++)
You are covered in fur. (AC +1)
You are resistant to electric shocks. (rElec)
Your muscles are strong. (Str +4, Int/Dex -1)
You expend health (3 HP) to strengthen your wands.


Message History

Unknown command.
Unknown command.
Unknown command.
Unknown command.
As you read the scroll labelled FEJONUGONE, it crumbles to dust.
You hear a loud clanging noise!
It was a scroll of noise.
You are engulfed in calcifying dust.
You hear a shout! x3
The death yak gores you but does no damage.
You block the death yak's attack.
The catoblepas breathes a plume of calcifying dust at you.
The blast of calcifying dust hits you but does no damage.
The death yak gores you!
The death yak gores you but does no damage.
Unknown command.
The air fills with toxic fumes!
As you read the scroll labelled HEXKEETUMYMM, it crumbles to dust.
It was a scroll of poison.
You are engulfed in calcifying dust.
You are slowing down.
The death yak completely misses you. You block the death yak's attack.
The catoblepas gores you.
* * * LOW HITPOINT WARNING * * *
The death yak barely misses you. The death yak gores you!
* * * LOW HITPOINT WARNING * * *
The death yak gores you but does no damage.
Unknown command.
Unknown command.
Unknown command.
Unknown command.
As you read the scroll labelled DETE NOCYGEET, it crumbles to dust.
It is a scroll of amnesia.
You feel forgetful for a moment.
The death yak gores you but does no damage.
The death yak gores you!
* * * LOW HITPOINT WARNING * * *
The catoblepas gores you.
* * * LOW HITPOINT WARNING * * *
You block the death yak's attack. The death yak gores you!
You die...
Xom chuckles heartily!

..####......###.........#
##..... ..# #......#
##.......## #..### ..#
#..##.####..###...# #.##
..## #..##..##§.## ##§# #.
...###.####..§§## #§§## .
........## ###§§# ##§§§§.
# ........#. #§##.§§§§§..
.####.....# ##§§§§§§§§§..
..####....####§Y@Y§§§§§§..
).##.....§§§§§§YYY§##§§§.#
#....##..§§§§###§§## ...##
#.######.§§### ##§##......
.## #.§.## #§§.Y....> .##
#....####.####..#.. ..##
#.........# .#
...#####.........#
#....#......####.#


You could see 4 death yaks and a catoblepas.

Vanquished Creatures
  A skeletal warrior (D:11)
  A manticore (D:11)
  Joseph (D:7)
  Maggie (D:8)
  Jeremiah (D:8)
  2 trolls
  Prince Ribbit (D:8)
  A shadow (D:11)
  2 wyverns
  A wraith (D:10)
  A steam dragon (D:8)
  Grum (D:9)
  4 vampire mosquitoes (D:10)
  2 acid dragons
  2 orc warriors
  A black bear (D:4)
  A sky beast (D:6)
  2 wolves (D:8)
  An ogre (D:9)
  3 centaurs
  8 kobold brigands
  3 bullfrogs
  3 gnoll sergeants (D:9)
  3 scorpions
  7 wights
  Dowan (D:7)
  8 killer bees
  7 jellies
  3 hounds
  8 orc priests
  Jessica (D:2)
  Natasha (thrice) (D:2)
  An iguana (D:5)
  8 orc wizards
  20 gnolls
  4 river rats (Sewer)
  11 adders
  3 shadow imps
  2 white imps
  4 ufetubi (D:5)
  2 worms (D:2)
  2 dart slugs
  20 orcs
  6 ball pythons
  14 endoplasms
  4 giant cockroaches
  8 goblins
  5 hobgoblins
  14 kobolds
  8 quokkas
  3 bats
  7 frilled lizards
  7 rats
238 creatures vanquished.

Vanquished Creatures (collateral kills)
  2 skeletal warriors (D:11)
  Pikel (D:6)
  Sigmund (D:4)
  Edmund (D:4)
  An orc warrior (D:11)
  A black bear (D:5)
  A phantom (D:5)
  2 orc priests (D:4)
  2 orc wizards
  3 orcs
  An endoplasm (D:4)
  A hobgoblin (D:4)
17 creatures vanquished.

Vanquished Creatures (others)
  2 orcs
  3 kobolds (D:9)
5 creatures vanquished.

Grand Total: 260 creatures vanquished

Notes
Turn   | Place    | Note
-------+----------+-------------------------------------------
     0 | D:1      | Xavori the Djinni Chaos Knight began the quest for the Orb.
     0 | D:1      | Reached XP level 1. HP: 20/20 MP: 0/0
   115 | D:1      | Found a faded altar of an unknown god.
   249 | D:1      | Reached XP level 2. HP: 25/25 MP: 0/0
   401 | D:1      | XOM: butterfly on damage
   412 | D:1      | XOM: polymorph butterfly -> frilled lizard
   472 | D:1      | XOM: god gift: 57 gold pieces
   963 | D:2      | XOM: summons 2 hostile demons
  1065 | D:2      | Noticed Natasha
  1068 | D:2      | XOM: smoke on damage
  1072 | D:2      | Killed Natasha
  1073 | D:2      | Reached skill level 3 in Long Blades
  1073 | D:2      | Reached skill level 1 in Spellcasting
  1073 | D:2      | Reached skill level 1 in Conjurations
  1073 | D:2      | Reached skill level 1 in Hexes
  1073 | D:2      | Reached skill level 1 in Summonings
  1073 | D:2      | Reached skill level 1 in Necromancy
  1073 | D:2      | Reached skill level 1 in Translocations
  1073 | D:2      | Reached skill level 1 in Transmutations
  1073 | D:2      | Reached skill level 1 in Fire Magic
  1073 | D:2      | Reached skill level 1 in Ice Magic
  1073 | D:2      | Reached skill level 1 in Air Magic
  1073 | D:2      | Reached skill level 1 in Earth Magic
  1073 | D:2      | Reached skill level 1 in Poison Magic
  1073 | D:2      | Reached XP level 3. HP: 18/30 MP: 0/0
  1073 | D:2      | Learned a level 1 spell: Sting
  1137 | D:2      | Reached XP level 4. HP: 35/35 MP: 0/0
  1162 | D:2      | Noticed Natasha
  1170 | D:2      | Killed Natasha
  1223 | D:2      | Noticed Natasha
  1234 | D:2      | Killed Natasha
  1235 | D:2      | Reached XP level 5. HP: 23/40 MP: 0/0
  1235 | D:2      | Learned a level 2 spell: Poisonous Vapours
  1399 | D:2      | Noticed Jessica
  1405 | D:2      | Killed Jessica
  2081 | D:1      | XOM: silly message
  3144 | D:1      | XOM: give mutation
  3144 | D:1      | Gained mutation: You are partially covered in iridescent
                  | scales. (AC +2) [Xom's grace]
  3947 | D:1      | XOM: give mutations
  3947 | D:1      | Gained mutation: You have a pair of small antennae on your
                  | head. [Xom's mischief]
  3947 | D:1      | Lost mutation: You are partially covered in iridescent
                  | scales. (AC +2) [Xom's mischief]
  4373 | D:1      | XOM: summons 1 hostile shadow creature
  4486 | D:1      | XOM is BORED!
  4610 | D:1      | XOM: god gift: 22 gold pieces
  4873 | D:1      | XOM: give mutation
  4873 | D:1      | Gained mutation: You are somewhat resistant to further
                  | mutation. [Xom's grace]
  5963 | D:1      | XOM: divination: detect creatures
  6219 | D:1      | XOM: god gift: 12 gold pieces
  6466 | D:1      | XOM: god gift: 4 stones
  6753 | D:1      | XOM: give mutations
  6753 | D:1      | Gained mutation: You are robust. (+10% HP) [Xom's grace]
  6753 | D:1      | Gained mutation: You are strong-willed. (Will+) [Xom's
                  | grace]
  6753 | D:1      | Gained mutation: You are agile. (Dex +4, Str/Int -1) [Xom's
                  | grace]
  6753 | D:1      | Gained mutation: You are resistant to electric shocks.
                  | (rElec) [Xom's grace]
  6893 | D:3      | Found a white marble altar of Elyvilon.
  6894 | D:3      | Found a glowing golden altar of the Shining One.
  6926 | D:3      | XOM: give mutations
  6926 | D:3      | Gained mutation: You expend health (3 HP) to strengthen
                  | your wands. [Xom's grace]
  6926 | D:3      | Gained mutation: Your natural rate of healing is unusually
                  | fast. [Xom's grace]
  6926 | D:3      | Gained mutation: You are highly strong-willed. (Will++)
                  | [Xom's grace]
  6926 | D:3      | Gained mutation: You are extremely strong-willed. (Will+++)
                  | [Xom's grace]
  6961 | D:3      | XOM: scenery: summon butterflies
  6982 | D:3      | Found a glowing drain.
  6991 | Sewer    | Entered a sewer
  7103 | Sewer    | Reached XP level 6. HP: 51/51 MP: 0/0
  7141 | Sewer    | Found a viscous altar of Jiyva.
  7631 | D:3      | XOM: give mutation
  7631 | D:3      | Gained mutation: Your muscles are strong. (Str +4, Int/Dex
                  | -1) [Xom's grace]
  7728 | D:3      | XOM: scenery: create altars
  7828 | D:4      | Noticed Edmund
  7831 | D:4      | XOM: destruction
  7833 | D:4      | XOM: summons friendly ufetubus
  7838 | D:4      | Killed Edmund
  7839 | D:4      | Reached skill level 4 in Long Blades
  7839 | D:4      | Reached XP level 7. HP: 57/57 MP: 0/0
  7839 | D:4      | Learned a level 3 spell: Mephitic Cloud
  7840 | D:4      | XOM: polymorph ufetubus -> shadow imp
  7893 | D:4      | Found a shadowy altar of Dithmenos.
  7893 | D:4      | XOM: 3-stop teleportation journey
  8002 | D:4      | XOM: 1-stop teleportation journey
  8042 | D:4      | Noticed Sigmund
  8047 | D:4      | Killed Sigmund
  8104 | D:4      | Reached XP level 8. HP: 59/63 MP: 0/0
  8127 | D:4      | XOM: 5-stop teleportation journey
  8145 | D:4      | XOM: god gift: 52 gold pieces
  8268 | D:4      | XOM: 1-stop teleportation journey
  8578 | D:5      | XOM: stealth player
  8578 | D:5      | Entered Level 5 of the Dungeon
  8664 | D:5      | XOM: torment (33/63 hp)
  8801 | D:5      | XOM: draining
  8809 | D:5      | Found Koic's Magic Scroll Shop.
  8814 | D:5      | Bought 3 scrolls of identify for 66 gold pieces
  8814 | D:5      | Bought a scroll of teleportation for 33 gold pieces
  8814 | D:5      | Bought a scroll of teleportation for 33 gold pieces
  8814 | D:5      | Bought a scroll of identify for 22 gold pieces
  8862 | D:5      | XOM: summons 6 friendly demons
  8884 | D:5      | Reached skill level 5 in Long Blades
  8979 | D:5      | XOM: 1-stop teleportation journey
  9069 | D:5      | Found an ornate altar of the Wu Jian Council.
  9431 | D:6      | Noticed Pikel
  9434 | D:6      | XOM: enchant monster (bad)
  9441 | D:6      | XOM: cast spell 'Summon Cactus Giant'
  9443 | D:6      | Killed Pikel
  9444 | D:6      | Reached skill level 5 in Fighting
  9444 | D:6      | Reached skill level 5 in Dodging
  9444 | D:6      | Reached XP level 9. HP: 29/71 MP: 0/0
  9444 | D:6      | Learned a level 3 spell: Frozen Ramparts
  9734 | D:6      | Found an iron altar of Okawaru.
  9744 | D:6      | Reached skill level 6 in Long Blades
  9853 | D:6      | Found a basalt altar of Yredelemnul.
  9934 | D:6      | XOM: give mutation
  9934 | D:6      | Gained mutation: Your muscles are very strong. (Str +8,
                  | Int/Dex -2) [Xom's grace]
 10117 | D:7      | XOM: noise
 10124 | D:7      | Noticed Joseph
 10127 | D:7      | XOM: scenery: create altars
 10131 | D:6      | XOM: give mutations
 10131 | D:6      | Lost mutation: Your natural rate of healing is unusually
                  | fast. [Xom's mischief]
 10131 | D:6      | Gained mutation: Armour fits poorly on your strangely
                  | shaped body. [Xom's mischief]
 10131 | D:6      | Lost mutation: You are somewhat resistant to further
                  | mutation. [Xom's mischief]
 10131 | D:6      | Gained mutation: You are dopey. (Int -2) [Xom's mischief]
 10253 | D:7      | XOM: blink monster(s)
 10273 | D:7      | Killed Joseph
 10313 | D:6      | XOM: stat loss: -1 Int (8/9)
 10715 | D:7      | XOM: 2-stop teleportation journey
 10726 | D:7      | Noticed Dowan
 10727 | D:7      | Noticed Duvessa
 10729 | D:7      | Duvessa changed into Duvessa the fire bat
 10729 | D:7      | Noticed Duvessa
 10729 | D:7      | XOM: polymorph Duvessa -> Duvessa the fire bat
 10740 | D:7      | Killed Dowan
 10752 | D:7      | Duvessa the fire bat changed into Duvessa the acid dragon
 10752 | D:7      | Noticed Duvessa
 10752 | D:7      | XOM: polymorph Duvessa the fire bat -> Duvessa the acid
                  | dragon
 10759 | D:7      | HP: 1/72 [Duvessa the acid dragon/splash of acid (20)]
 10760 | D:7      | Killed Duvessa the acid dragon
 10761 | D:7      | Reached skill level 5 in Armour
 11027 | D:7      | Reached XP level 10. HP: 71/79 MP: 0/0
 11053 | D:7      | XOM: cleaving
 11227 | D:7      | XOM: 2-stop teleportation journey
 11278 | D:7      | Found a staircase to the Ecumenical Temple.
 11423 | D:7      | XOM: enchant monster (bad)
 11431 | D:7      | Reached skill level 7 in Long Blades
 11942 | D:8      | Identified the of Raun Byo
 12001 | D:7      | XOM: confusion (+ monsters)
 12014 | D:7      | Reached skill level 5 in Spellcasting
 12014 | D:7      | Reached skill level 5 in Conjurations
 12014 | D:7      | Reached skill level 5 in Hexes
 12014 | D:7      | Reached skill level 5 in Summonings
 12014 | D:7      | Reached skill level 5 in Necromancy
 12014 | D:7      | Reached skill level 5 in Translocations
 12014 | D:7      | Reached skill level 5 in Transmutations
 12014 | D:7      | Reached skill level 5 in Fire Magic
 12014 | D:7      | Reached skill level 5 in Ice Magic
 12014 | D:7      | Reached skill level 5 in Air Magic
 12014 | D:7      | Reached skill level 5 in Earth Magic
 12014 | D:7      | Reached skill level 5 in Poison Magic
 12212 | D:8      | Noticed Jeremiah
 12214 | D:8      | Noticed Maggie
 12341 | D:8      | XOM: noise
 12545 | D:8      | XOM: give mutation
 12545 | D:8      | Lost mutation: You are robust. (+10% HP) [Xom's mischief]
 12599 | D:8      | Killed Maggie
 12618 | D:8      | Noticed Prince Ribbit
 12636 | D:8      | XOM: smoke on damage
 12641 | D:8      | Killed Prince Ribbit
 12908 | D:8      | XOM: blink monster(s)
 12910 | D:8      | XOM: summons friendly shadow imp
 12914 | D:8      | XOM: blink monster(s)
 12937 | D:8      | Killed Jeremiah
 12982 | D:8      | XOM: give mutations
 12982 | D:8      | Lost mutation: You expend health (3 HP) to strengthen your
                  | wands. [Xom's mischief]
 12982 | D:8      | Lost mutation: You have a pair of small antennae on your
                  | head. [Xom's mischief]
 12982 | D:8      | Lost mutation: Your muscles are very strong. (Str +8,
                  | Int/Dex -2) [Xom's mischief]
 12982 | D:8      | Lost mutation: You are agile. (Dex +4, Str/Int -1) [Xom's
                  | mischief]
 13158 | D:8      | XOM: silly message
 13288 | D:8      | XOM: silly message
 13469 | D:8      | XOM: give mutations
 13469 | D:8      | Gained mutation: You are covered in fur. (AC +1) [Xom's
                  | grace]
 13469 | D:8      | Gained mutation: You are partially covered in large bone
                  | plates. (SH +4) [Xom's grace]
 13469 | D:8      | Gained mutation: You expend health (3 HP) to strengthen
                  | your wands. [Xom's grace]
 13549 | D:9      | Noticed Grum
 13565 | D:9      | Killed Grum
 13566 | D:9      | Reached skill level 8 in Long Blades
 13866 | D:8      | XOM: god gift: 1060 gold pieces
 14221 | D:9      | XOM: silly message
 14421 | D:9      | Reached XP level 11. HP: 71/78 MP: 0/0
 14421 | D:9      | Learned a level 5 spell: Agony
 14715 | D:9      | Found a broken altar of Ashenzari.
 14820 | D:9      | Found a staircase to the Orcish Mines.
 14878 | D:9      | XOM: enchant monster (bad)
 15537 | D:10     | Entered Level 10 of the Dungeon
 15647 | D:10     | XOM: potion effect (brilliance)
 15648 | D:10     | XOM: cast spell 'Call Canine Familiar'
 15915 | D:10     | Found Zin's Purification Station.
 15918 | D:10     | Found a glowing silver altar of Zin.
 16386 | D:10     | XOM: silly message
 16739 | D:11     | XOM: god gift: 8 gold pieces
 16867 | D:11     | Noticed a skeletal warrior
 16867 | D:11     | Noticed a skeletal warrior
 16867 | D:11     | Noticed a skeletal warrior
 16878 | D:11     | XOM: confuse monster(s)
 16897 | D:11     | XOM: fake destruction
 16901 | D:11     | Noticed a manticore
 16901 | D:11     | Noticed a skeletal warrior
 16901 | D:11     | Noticed a skeletal warrior
 16901 | D:11     | XOM: 9-stop teleportation journey
 16922 | D:11     | Reached skill level 9 in Long Blades
 16929 | D:11     | Noticed a two-headed ogre
 17103 | D:11     | XOM: confuse monster(s)
 17118 | D:11     | Killed a skeletal warrior
 17121 | D:11     | Killed a skeletal warrior
 17134 | D:11     | Killed a skeletal warrior
 17145 | D:11     | XOM: god gift: wand of light (4)
 17209 | D:11     | Killed a manticore
 17254 | D:11     | Identified the ring of Xom's Amusement {Fire SInv} (Xom
                  | gifted it to you on level 11 of the Dungeon)
 17254 | D:11     | XOM: god gift: ring of Xom's Amusement {Fire SInv}
 17459 | D:11     | Found a staircase to the Lair.
 17459 | D:11     | Noticed a death yak
 17460 | D:11     | Noticed a death yak
 17461 | D:11     | Noticed a death yak
 17461 | D:11     | Noticed a death yak
 17461 | D:11     | Noticed a death yak
 17466 | D:11     | a death yak changed into a catoblepas
 17466 | D:11     | Noticed a catoblepas
 17466 | D:11     | XOM: polymorph death yak -> catoblepas
 17476 | D:11     | XOM: divine lightning
 17483 | D:11     | XOM: cast spell 'Chain of Chaos'
 17497 | D:11     | Slain by a death yak

Illustrated notes

Levels and vault maps discovered:
D:1:      minmay_arrival_doors, layout_loops_ring,
          hellmonk_ecumenical_altar_arch_garden, serial_rivers,
          chequers_serial_rivers_small_3, chequers_serial_rivers_small_b,
          chequers_serial_rivers_room_a, chequers_serial_rivers_small_3,
          chequers_serial_rivers_micro_e
D:2:      layout_basic, uniq_jessica, uniq_natasha
D:3:      layout_loops_ring, nicolae_overflow_two_pavilions,
          gup_sewer_entry_bubbles, minmay_misc_feat_rows
D:4:      layout_basic, lemuel_doored_altar,
          nicolae_dithmenos_through_a_glass_darkly, uniq_sigmund, uniq_edmund
D:5:      layout_rooms, nzn_wu_jian_contemplation, serial_shops,
          nicolae_shop_just_a_little_nook
D:6:      layout_loops_corners, mainiacjoe_overflow_chevrons, okawaru_trees_1,
          corexii_checkpoint_b, uniq_pikel
D:7:      cheibrodos_fertilizer, layout_basic, minmay_temple_entry_grid,
          uniq_joseph, uniq_duvessa
D:8:      layout_cave_pools, uniq_prince_ribbit1, uniq_jeremiah, uniq_maggie
D:9:      nicolae_hitomezashi [nicolae_hito_row, nicolae_hito_row,
          nicolae_hito_row, nicolae_hito_row, nicolae_hito_row,
          nicolae_hito_row, nicolae_hito_row, nicolae_hito_row,
          nicolae_hito_row, nicolae_hito_row, nicolae_hito_row,
          nicolae_hito_row, nicolae_hito_row, nicolae_hito_row,
          nicolae_hito_row, nicolae_hito_row, nicolae_hito_row,
          nicolae_hito_row], layout_irregular_city, evilmike_ruin_ashenzari,
          nicolae_overflow_hidden_temple,
          kennysheep_orc_monster_closet_entryway, enter_bailey_3,
          chequers_serial_rivers_room_b, nicolae_tricolors, uniq_grum
D:10:     layout_long_grid, zin_purify
D:11:     layout_layer_cave, dpeg_lair_monsters, uniq_lodul, uniq_psyche

Skill      XL: |  1  2  3  4  5  6  7  8  9 10 11 |
---------------+----------------------------------+-----
Long Blades    | 3 4 5 6 8 9 |  9.3
Spellcasting   | 1 2 3 4 5 6 |  6.6
Conjurations   | 1 2 3 4 5 6 |  6.6
Hexes          | 1 2 3 4 5 6 |  6.6
Summonings     | 1 2 3 4 5 6 |  6.6
Necromancy     | 1 2 3 4 5 6 |  6.6
Translocations | 1 2 3 4 5 6 |  6.6
Transmutations | 1 2 3 4 5 6 |  6.6
Fire Magic     | 1 2 3 4 5 6 |  6.6
Ice Magic      | 1 2 3 4 5 6 |  6.6
Air Magic      | 1 2 3 4 5 6 |  6.6
Earth Magic    | 1 2 3 4 5 6 |  6.6
Poison Magic   | 1 2 3 4 5 6 |  6.6
Armour         | 2 3 4 5 6 7 |  7.0
Dodging        | 3 4 5 7 |  7.9
Fighting       | 4 5 6 7 |  7.6
Evocations     | |  0.4

Action                     |  1- 3 |  4- 6 |  7- 9 | 10-12 || total
---------------------------+-------+-------+-------+-------++-------
  Melee: Falchion          |    63 |   178 |   275 |   316 ||   832
         Punch             |       |     4 |     1 |       ||     5
         Long sword        |       |       |       |   225 ||   225
  Evoke: Wand              |       |       |     4 |    12 ||    16
    Use: Scroll            |       |     3 |     7 |     6 ||    16
         Potion            |       |       |     2 |     3 ||     5
   Stab: Sleeping          |       |     2 |     1 |       ||     3
         Paralysed         |       |     1 |       |       ||     1
         Petrified         |       |       |    14 |     4 ||    18
         Invisible         |       |       |     1 |     5 ||     6
         Confused          |       |       |       |     3 ||     3
         Distracted        |       |       |       |     1 ||     1
 Armour: Leather armour    |    45 |    81 |   146 |       ||   272
         Ring mail         |       |       |    39 |   365 ||   404
  Dodge: Dodged            |    42 |   117 |   189 |   323 ||   671
  Block: Buckler           |       |       |   147 |   438 ||   585
         Reflection        |       |       |     3 |    23 ||    26

Table legend: (Time is in decaauts)
 A = Elapsed time spent in this place.
 B = Non-inter-level travel time spent in this place.
 C = Inter-level travel time spent in this place.
 D = Time resting spent in this place.
 E = Time spent auto-exploring this place.
 F = Levels seen in this place.
 G = Mean time per level.
                   A        B        C        D        E       F      G
               +--------+--------+--------+--------+--------+-----+--------+
         Total |  17555 |  17000 |    555 |   8079 |   6390 |  12 | 1462.9 |
       Dungeon |  17283 |  16728 |    555 |   8079 |   6273 |  11 | 1571.2 |
         Sewer |    272 |    272 |      0 |      0 |    117 |   1 |  272.0 |
               +--------+--------+--------+--------+--------+-----+--------+

Top non-repeatable levels by time:
     D:1: 5850 daAuts
     D:7: 2004 daAuts
     D:8: 1752 daAuts
     D:6: 1352 daAuts
     D:9: 1254 daAuts
    D:10: 1239 daAuts
     D:2: 1036 daAuts
     D:4: 791 daAuts
    D:11: 723 daAuts
     D:3: 662 daAuts
     D:5: 616 daAuts
   Sewer: 272 daAuts
